AoeStats
← [KMNB] Bandeira

Lombardia

509098805Analyzed
2v2 RM · 7d ago on Sep 25, 2026· 31m 38s· 4 players
Game mode
Random Map
Map size
Medium (4 player)
Population
200
Speed
Normal
Resources
Standard
Victory
Conquest
Starting age
Dark Age
Ending age
Imperial Age
RankedLock teamsTeams togetherTeam positionsShared explorationLock speedFull tech treeHidden civsTurbo modeCheats
Victory
Defeat
🇧🇷 Magyars · Brazil
1512
+15
🇧🇷 Saracens · Brazil
1498
+16
🇨🇱 Danes · Chile
1568
-18
🇦🇷 Persians · Argentina
1423
-13
Manolo Lama
10:45 Feudal Age
15:04 Castle Age
13:00 Horse Collar
25:36 Double-Bit Axe
25:47 Loom
29:32 Scale Barding Armor
[CL] TheCobra
8:51 Loom
11:09 Feudal Age
12:56 Double-Bit Axe
15:54 Castle Age
13:57 Horse Collar
17:03 Bow Saw
22:31 Scale Mail Armor
22:54 Forging
23:48 Chain Mail Armor
25:55 Wheelbarrow
25:05 Town Watch
26:12 Gold Mining
27:24 Iron Casting
27:53 Ballistics
29:33 Heavy Plow
30:53 Squires
30:39 Arson
[KMNB] Bandeira
6:28 Loom
9:31 Feudal Age
10:01 Double-Bit Axe
10:55 Horse Collar
20:24 Castle Age
19:42 Gold Mining
20:04 Bloodlines
21:36 Bow Saw
22:23 Husbandry
23:20 Scale Barding Armor
24:29 Wheelbarrow
24:24 Heavy Plow
25:47 Stone Mining
[KMNB] Galodoido
8:29 Feudal Age
13:32 Fletching
16:23 Padded Archer Armor
17:15 Loom
18:11 Double-Bit Axe
23:23 Castle Age
22:03 Horse Collar
23:41 Gold Mining
23:29 Crossbowman
24:07 Bodkin Arrow
26:01 Ballistics
26:22 Leather Archer Armor
28:53 Thumb Ring
31:43 Bow Saw
Connection lost

Rejoining the realm…

Still unreachable

The connection could not be restored.

Session expired

The server has moved on; the page needs a fresh start.